AoeStats
← ADominio

Arena

508602224Analyzed
1v1 RM · 10d ago on Sep 23, 2026· 68m 21s· 2 players
Game mode
Random Map
Map size
Tiny (2 player)
Population
200
Speed
Normal
Resources
Standard
Victory
Conquest
Starting age
Dark Age
Ending age
Imperial Age
RankedLock teamsTeams togetherTeam positionsShared explorationLock speedFull tech treeHidden civsTurbo modeCheats
Victory
Defeat
🇹🇼 Malians · Taiwan
919
+19
🇲🇽 Spanish · Mexico
980
-19
ADominio
1:42 Loom
9:43 Feudal Age
10:09 Double-Bit Axe
16:12 Castle Age
14:25 Stone Mining
15:21 Gold Mining
15:38 Horse Collar
21:17 Fletching
24:20 Bow Saw
25:12 Wheelbarrow
24:33 Town Watch
30:08 Imperial Age
27:48 Bodkin Arrow
28:31 Hand Cart
29:12 Stone Shaft Mining
29:02 Forging
29:17 Ballistics
29:22 Town Patrol
29:46 Scale Barding Armor
31:00 Iron Casting
30:34 Murder Holes
31:07 Bracer
32:10 Chemistry
32:31 Conscription
32:25 Thumb Ring
33:01 Bloodlines
33:28 Chain Barding Armor
34:10 Blast Furnace
33:51 Husbandry
34:45 Plate Barding Armor
35:16 Heavy Mounted Crossbowman
42:46 Scale Mail Armor
43:20 Pikeman
43:46 Gambesons
44:01 Squires
43:47 Arson
44:19 Chain Mail Armor
45:36 Plate Mail Armor
45:52 Masonry
45:56 Halberdier
48:58 Elite Skirmisher
51:39 Guilds
51:59 Coinage
52:10 Supremacy
58:54 Architecture
58:27 Capped Ram
58:44 Light Cavalry
58:48 Man-at-Arms
samlu86
10:14 Feudal Age
14:30 Castle Age
13:05 Stone Mining
13:23 Double-Bit Axe
14:25 Loom
21:54 Horse Collar
24:18 Gold Mining
25:45 Wheelbarrow
25:55 Heavy Plow
26:46 Hand Cart
31:46 Imperial Age
31:20 Tigui
31:49 Bloodlines
31:41 Husbandry
32:37 Stone Shaft Mining
32:38 Gold Shaft Mining
32:38 Masonry
32:19 Heated Shot
33:32 Chemistry
33:16 Conscription
32:52 Heavy Camel Rider
34:33 Architecture
35:29 Forging
35:25 Scale Barding Armor
38:51 Farimba
39:50 Iron Casting
39:35 Chain Barding Armor
43:03 Plate Barding Armor
43:16 Fortified Wall
43:53 Bow Saw
45:37 Ballistics
47:06 Hoardings
48:00 Scale Mail Armor
48:56 Elite Gbeto
53:14 Chain Mail Armor
54:59 Treadmill Crane
56:05 Squires
55:51 Arson
57:38 Plate Mail Armor
57:07 Capped Ram
Connection lost

Rejoining the realm…

Still unreachable

The connection could not be restored.

Session expired

The server has moved on; the page needs a fresh start.